 Dungeon Crawl Stone Soup version 0.28-a0-998-gb9e9c7b67e (webtiles) character file.

Game seed: 17515016843619473381

205 r3xj the Chopper (level 5, -3/47 HPs)
             Began as a Minotaur Berserker on Dec 6, 2021.
             Was a Priest of Trog.
             Slain by an ogre (12 damage)
             ... on level 4 of the Dungeon.
             The game lasted 00:06:54 (3714 turns).

r3xj the Chopper (Minotaur Berserker)               Turns: 3714, Time: 00:06:54

Health: -3/47      AC:  9    Str: 21    XL:     5   Next: 52%
Magic:  4/4        EV:  9    Int:  4    God:    Trog [***...]
Gold:   121        SH:  0    Dex: 12    Spells: 4/4 levels left

rFire   . . .      SeeInvis .   a - +0 hand axe
rCold   . . .      Faith    .   (no shield)
rNeg    . . .      Spirit   .   j - +0 chain mail
rPois   .          Reflect  .   (helmet restricted)
rElec   .          Harm     .   (no cloak)
rCorr   .          Rampage  .   (no gloves)
Will    .....                   (no boots)
Stlth   ..........              (no amulet)
HPRegen 0.15/turn               (no ring)
MPRegen 0.09/turn               (no ring)

@: no status effects
A: horns 2, retaliatory headbutt
a: Renounce Religion, Berserk, Trog's Hand


You were on level 4 of the Dungeon.
You worshipped Trog.
Trog was most pleased with you.
You visited 1 branch of the dungeon, and saw 5 of its levels.

You collected 165 gold pieces.
You spent 44 gold pieces at shops.

Inventory:

Hand Weapons
 a - a +0 hand axe (weapon)
 k - a +0 hunting sling
Missiles
 l - 103 stones (quivered)
 o - 55 sling bullets
 u - a throwing net
 v - 8 poisoned darts
Armour
 b - a +0 animal skin
 j - a +0 chain mail (worn)
Jewellery
 n - a +4 ring of evasion
Wands
 r - a wand of flame (15)
 y - a wand of polymorph (9)
Scrolls
 c - 3 scrolls of fog {unknown}
 d - a scroll of brand weapon
 e - a scroll of identify
 g - 2 scrolls of silence
 h - a scroll of enchant weapon
 m - a scroll of magic mapping {unknown}
 s - a scroll of summoning {unknown}
 w - a scroll of teleportation {unknown}
 x - a scroll of enchant armour {unknown}
Potions
 f - 3 potions of curing
 i - a potion of heal wounds
 p - a potion of invisibility
 q - 2 potions of might
 t - a potion of resistance


   Skills:
 + Level 4.9 Fighting
 + Level 4.9 Axes
 + Level 4.1 Armour
 + Level 3.6 Dodging


You had 4 spell levels left.
You didn't know any spells.
Your spell library was empty.

Dungeon Overview and Level Annotations

Branches:
Dungeon (5/15)
 Temple: D:4-7

Altars:
Elyvilon
Trog
Uskayaw
Xom

Shops:
D:3 !   D:4 *


Innate Abilities, Weirdness & Mutations

You have a pair of horns on your head.
You reflexively headbutt those who attack you in melee.


Message History

You are poisoned.
The adder poisons you!
You hit the adder but do no damage.
You feel sick. The adder closely misses you. You furiously retaliate!
You headbutt the adder!
You kill the adder!
Trog accepts your kill.
No target in view!
No target in view!
You feel sick.
You feel sick.
You feel sick.
You feel sick.
You feel sick.
You are no longer poisoned.
There is a stone staircase leading down here.
You climb downwards.
The ogre shouts!
The ogre barely misses you.
There is a stone staircase leading up here.
The ogre barely misses you.
You climb upwards.
There is a stone staircase leading down here.
You hit the ogre. You headbutt the ogre!
The ogre is heavily wounded.
You closely miss the ogre.
You headbutt the ogre, but do no damage.
The ogre is heavily wounded.
The ogre hits you with a +0 giant spiked club!!
Ouch! That really hurt!
* * * LOW HITPOINT WARNING * * *
You hit the ogre.
The ogre is severely wounded.
The ogre closely misses you.
You hit the ogre but do no damage.
The ogre is severely wounded.
The ogre barely misses you.
You barely miss the ogre.
The ogre is severely wounded.
The ogre hits you with a +0 giant spiked club!
You die...

##....... #.......#
#.......# #.......#
#.......# #.......#
#.......# ########
#∩.O....####.......
##@................
#.#########.#.....
#.# #.#.#### #.#
#.#.#<.. #+#
#.#.###. #.#.....
........ #.......
########


You could see an ogre.

Vanquished Creatures
  An iguana (D:4)
  7 adders
  A gnoll (D:1)
  2 worms (D:3)
  3 dart slugs
  4 orcs
  6 bats
  7 endoplasms
  2 giant cockroaches
  10 goblins
  10 hobgoblins
  4 jackals (D:4)
  3 quokkas
  10 ball pythons
  4 frilled lizards
  9 kobolds
  5 rats (D:1)
88 creatures vanquished.

Vanquished Creatures (others)
  A butterfly (D:4)
1 creature vanquished.

Grand Total: 89 creatures vanquished

Notes
Turn   | Place    | Note
-------+----------+-------------------------------------------
     0 | D:1      | r3xj the Minotaur Berserker began the quest for the Orb.
     0 | D:1      | Reached XP level 1. HP: 19/19 MP: 0/0
   342 | D:1      | Reached XP level 2. HP: 25/27 MP: 1/1
   576 | D:1      | Reached XP level 3. HP: 22/33 MP: 2/2
   854 | D:1      | Reached ** piety under Trog
  1716 | D:2      | You fall into a shaft and drop 1 floor!
  1719 | D:3      | Reached XP level 4. HP: 40/40 MP: 3/3
  1727 | D:3      | Found a shimmering altar of Xom.
  2942 | D:3      | Found a hide-covered altar of Uskayaw.
  2961 | D:3      | Reached *** piety under Trog
  3158 | D:3      | Found Tety's Distillery.
  3164 | D:3      | Bought a potion of might for 44 gold pieces
  3262 | D:3      | Found a bloodstained altar of Trog.
  3445 | D:4      | Reached XP level 5. HP: 46/47 MP: 4/4
  3477 | D:5      | Entered Level 5 of the Dungeon
  3496 | D:4      | Found a white marble altar of Elyvilon.
  3696 | D:4      | Found Maqinik's General Store.
  3707 | D:5      | Noticed an ogre
  3714 | D:4      | Slain by an ogre

Illustrated notes

Levels and vault maps discovered:
D:1:      psy_arrival_basics, layout_basic, minmay_hexomino_p4
D:2:      layout_basic, chequers_mini_garden, palyth_stone_intersect,
          lemuel_flame_loot_1
D:3:      layout_loops_ring, lemuel_coloured_pillars_altar, trog_hazing_becter,
          mainiacjoe_overflow_catwalk, serial_shops,
          nicolae_shop_temple_entry_statues_fountains, st_stairs_1,
          chequers_serial_rivers_micro_c
D:4:      layout_basic, nicolae_elyvilon_peaceful_grove, serial_shops, shop,
          minmay_misc_feat_iff, hangedman_abyss_or_decor_lesser_grid
D:5:      kennysheep_windowed_halls, layout_basic,
          nicolae_hepliaklqana_monster_ancestors

Skill      XL: |  1  2  3  4  5 |
---------------+----------------+-----
Fighting       | 4 |  4.9
Axes           | 4 |  4.9
Armour         | 3 4 |  4.1
Dodging        | 3 |  3.6

Action                   |  1- 3 |  4- 6 || total
-------------------------+-------+-------++-------
Melee: Hand axe          |    84 |   110 ||   194
       Headbutt          |    17 |    22 ||    39
  Use: Scroll            |       |     7 ||     7
 Stab: Sleeping          |     1 |       ||     1
Armor: Animal skin       |    10 |       ||    10
       Chain mail        |    13 |    51 ||    64
Dodge: Dodged            |    52 |    60 ||   112

Table legend: (Time is in decaauts)
 A = Elapsed time spent in this place.
 B = Non-inter-level travel time spent in this place.
 C = Inter-level travel time spent in this place.
 D = Time resting spent in this place.
 E = Time spent auto-exploring this place.
 F = Levels seen in this place.
 G = Mean time per level.
                   A        B        C        D        E       F      G
               +--------+--------+--------+--------+--------+-----+--------+
         Total |   3734 |   3433 |    301 |    109 |   2721 |   5 |  746.8 |
       Dungeon |   3734 |   3433 |    301 |    109 |   2721 |   5 |  746.8 |
               +--------+--------+--------+--------+--------+-----+--------+

Top non-repeatable levels by time:
     D:1: 1410 daAuts
     D:2: 1071 daAuts
     D:3: 937 daAuts
     D:4: 311 daAuts
     D:5: 4 daAuts
